 Dungeon Crawl Stone Soup version 0.18.1-48-g4cf74bf (webtiles) character file.

9 tyranidshit the Grave Robber (level 2, 15/22 HPs)
             Began as a Deep Dwarf Necromancer on July 12, 2016.
             Quit the game on level 1 of the Dungeon.
             The game lasted 00:01:59 (213 turns).

tyranidshit the Grave Robber (DDNe)                  Turns: 213, Time: 00:02:01

Health: 15/22      AC:  2    Str: 11    XL:     2   Next: 6%
Magic:  2/4        EV: 12    Int: 15    God:
Gold:   14         SH:  0    Dex: 13    Spells: 1 memorised, 3 levels left

rFire  . . .     SeeInvis .     (no weapon)
rCold  . . .     Gourm    .     a - +0 robe
rNeg   + . .     Faith    .     (no shield)
rPois  .         Spirit   .     (no helmet)
rElec  .         Dismiss  .     (no cloak)
rCorr  .         Reflect  .     (no gloves)
SustAt .         Harm     .     (no boots)
MR     .....                    (no amulet)
Stlth  ++........               (no ring)
                                e - ring of positive energy

@: non-regenerating, not resistant to hostile enchantments, unstealthy
A: damage resistance, recharge devices, sense surroundings 1, slow regeneration
3
a: Device Recharging


You were on level 1 of the Dungeon.
You were not hungry.

You visited 1 branch of the dungeon, and saw 1 of its levels.

You collected 14 gold pieces.

Inventory:

Armour
 a - a +0 robe (worn)
 f - a +0 chain mail
Jewellery
 e - a ring of positive energy (left hand)
Wands
 c - a wand of heal wounds (4/9)
Scrolls
 g - a scroll of teleportation
Books
 b - a book of Necromancy

   Spells                             Type                      Level
   a - Pain                           Necromancy                   1
   b - Animate Skeleton               Necromancy                   1
   c - Vampiric Draining              Necromancy                   3
   d - Regeneration                   Charms/Necromancy            3
   e - Animate Dead                   Necromancy                   4
   f - Control Undead                 Necromancy                   4
Comestibles
 d - a bread ration


   Skills:
 + Level 0.0 Fighting
 - Level 2.3 Dodging
 - Level 2.7 Stealth
 + Level 1.7 Spellcasting
 - Level 4.6 Necromancy
 - Level 0.3 Evocations


You had 3 spell levels left.
You knew the following spells:

 Your Spells              Type           Power        Failure   Level  Hunger
a - Pain                  Necr           ###.         3%          1    ##.....


Dungeon Overview and Level Annotations

Branches:
Dungeon (1/15)

Altars:


Innate Abilities, Weirdness & Mutations

You are resistant to damage.
You can recharge devices by infusing magical energy.
You passively map a small area around you.
You do not regenerate naturally.


Message History

e - a ring of positive energy (left hand) Read which item? (? for menu, Esc to quit)
As you read the scroll labeled RESMARR JELOAF, it crumbles to dust.
You feel strangely unstable.
It was a scroll of teleportation.
Read which item? (? for menu, Esc to quit)
As you read the scroll labeled PAEZXE PUFOOSOFE, it crumbles to dust.
It is a scroll of identify.
Identify which item? (\ to view known items) (? for menu, Esc to quit)
f - a +0 chain mail Your surroundings seem slightly different.
Your magical contamination has completely faded away.
Things that are here:
a club; a hobgoblin corpse You now have 14 gold pieces.
There are no items here.
You see here a giant cockroach corpse.
Are you sure you want to abandon this character and quit the game? (Confirm with "yes".)
Okay, then.
Unknown command.
Are you sure you want to abandon this character and quit the game? (Confirm with "yes".)

, ##..)..........).........
#....)......(............
#..#..#..#..8..#..#..#...
#........................ *
*
*#<.......................
#...)....................
,*#(.#..#..#.†8..#..#..#...
, #........................
##(.......@..............,
* #.#..#..#..#..#..#..#...
#.....†%................, *
##...................... ,
#...#..#..#..#..#..#.. , *
##..................
###............... ,
################


There were no monsters in sight!

Vanquished Creatures
  2 giant cockroaches (D:1)
  A goblin (D:1)
  2 hobgoblins (D:1)
  2 bats (D:1)
  A kobold (D:1)
  A rat (D:1)
9 creatures vanquished.

Notes
Turn   | Place    | Note
--------------------------------------------------------------
     0 | D:1      | tyranidshit the Deep Dwarf Necromancer began the quest for the Orb.
     0 | D:1      | Reached XP level 1. HP: 15/15 MP: 3/3
   173 | D:1      | Reached XP level 2. HP: 19/22 MP: 0/4
   213 | D:1      | Quit the game

Action                   || total
-------------------------++-------
Melee: Unarmed           ||    23
 Cast: Pain              ||    16
Evoke: Wand              ||     1
  Use: Scroll            ||     2
Armor: Robe              ||    47
Dodge: Dodged            ||   130
